 Dungeon Crawl Stone Soup version 0.26.1-11-gd32895ea62 (webtiles) character file.

Game seed: 9672162313834332976

355100 dtburroughs the Severer (level 21, -5/196 HPs)
             Began as a Minotaur Berserker on July 15, 2021.
             Was the Champion of Trog.
             Shot with an arrow by a deep elf master archer (22 damage)
             ... on level 3 of the Elven Halls.
             The game lasted 02:26:26 (50732 turns).

dtburroughs the Severer (Minotaur Berserker)       Turns: 50732, Time: 02:26:27

Health: -5/196     AC: 28    Str: 38    XL:     21   Next: 37%
Magic:  6/6        EV: 18    Int:  8    God:    Trog [******]
Gold:   4611       SH:  9    Dex: 12    Spells: 20/20 levels left

rFire    + + .     SeeInvis .   z - +4 broad axe (antimagic)
rCold    + + .     Faith    .   b - +1 buckler {rC+ rF+}
rNeg     + + +     Spirit   .   E - +2 plate armour {rC+}
rPois    +         Reflect  .   x - +2 hat
rElec    +         Harm     .   a - +2 cloak
rCorr    .         Rampage  .   W - +0 pair of gloves of Free Will {Str+5} (curse)
Will     +++++                  (no boots)
Stlth    ..........             V - amulet "Awitihuesa" {rElec rN++ Will+ Regen+ Str+2}
HPRegen  1.82/turn              Z - ring "Yrroug" {rN++ Will+ Str+5}
MPRegen  0.10/turn              d - ring of Eternal Harmony {rPois rF+}

@: regenerating
A: retaliatory headbutt, horns 2
}: 2/15 runes: decaying, serpentine
a: Renounce Religion, Berserk, Trog's Hand, Brothers in Arms


You were on level 3 of the Elven Halls.
You worshipped Trog.
Trog was exalted by your worship.
You visited 7 branches of the dungeon, and saw 38 of its levels.

You collected 6354 gold pieces.
You spent 1743 gold pieces at shops.

Inventory:

Hand Weapons
 z - a +4 antimagic broad axe (weapon)
 I - the +10 hand axe "Qaemo" {vorpal, +Inv rC+ SInv}
   (You found it on level 3 of the Vaults)

   It inflicts extra damage upon your enemies.
   It protects you from cold.
   It lets you see invisible.
   It lets you turn invisible.
 N - the +8 mithril axe "Arga" {speed, Will+}
   (Trog gifted it to you on level 10 of the Dungeon)

   Attacks with this weapon are significantly faster.
   It affects your willpower, your defense against some magical effects.
 R - the +8 broad axe "Adusutra" {elec, rN+ Dex+3}
   (You bought it in a shop on level 3 of the Vaults)

   Occasionally, upon striking a foe, it can discharge electrical energy and
   cause terrible harm.
   It affects your dexterity (+3).
   It protects you from negative energy.
Armour
 a - a +2 cloak (worn)
 b - a +1 buckler of resistance (worn)
 x - a +2 hat (worn)
 E - a +2 plate armour of cold resistance (worn)
 W - the cursed +0 pair of gloves of Free Will (worn) {Str+5}
   (You found it on level 4 of the Swamp)

   It affects your strength (+5).
   It has a curse placed upon it.
Jewellery
 d - the ring of Eternal Harmony (right hand) {rPois rF+}
   (You acquired it on level 1 of the Lair of Beasts)

   [ring of protection from fire]

   It protects you from fire.
   It protects you from poison.
 m - an uncursed amulet of reflection
 p - an uncursed ring of flight
 O - an uncursed ring of resist corrosion
 V - the amulet "Awitihuesa" (around neck) {rElec rN++ Will+ Regen+ Str+2}
   (You found it on level 6 of the Lair of Beasts)

   [amulet of regeneration]

   It affects your strength (+2).
   It insulates you from electricity.
   It greatly protects you from negative energy.
   It affects your willpower, your defense against some magical effects.
   It increases your rate of regeneration.
 Z - the ring "Yrroug" (left hand) {rN++ Will+ Str+5}
   (You acquired it on level 3 of the Vaults)

   [ring of willpower]

   It affects your strength (+5).
   It greatly protects you from negative energy.
   It affects your willpower, your defense against some magical effects.
Wands
 e - a wand of flame (18)
 l - a wand of digging (9)
 r - a wand of iceblast (57)
 v - a wand of enslavement (43)
 D - a wand of acid (6)
 G - a wand of polymorph (18)
 L - a wand of disintegration (20)
 M - a wand of paralysis (38)
 Q - a wand of random effects (90)
Scrolls
 c - 12 scrolls of magic mapping
 f - 22 scrolls of remove curse
 k - 7 scrolls of blinking
 n - 22 scrolls of teleportation
 s - 3 scrolls of identify
 u - 4 scrolls of fear
 B - 7 scrolls of fog
 K - 5 scrolls of immolation
 P - a scroll of holy word
 S - 4 scrolls of silence
Potions
 g - 2 potions of ambrosia
 i - 3 potions of heal wounds
 j - 6 potions of haste
 o - 10 potions of lignification
 t - 16 potions of curing
 w - 6 potions of mutation
 F - 4 potions of resistance
 H - 4 potions of might
 T - 5 potions of cancellation
 Y - 5 potions of invisibility
Miscellaneous
 h - a phantom mirror
 q - a lightning rod (4/4)
 y - a tin of tremorstones (2/2)
 A - a condenser vane
 X - a box of beasts


   Skills:
 + Level 18.8 Fighting
 + Level 18.8 Axes
 + Level 18.7 Armour
 + Level 17.4 Dodging
 + Level 18.2 Shields
 + Level 14.7 Evocations


You had 20 spell levels left.
You didn't know any spells.
Your spell library was empty.

Dungeon Overview and Level Annotations

Branches:
Dungeon (15/15)            Temple (0/1) D:4            Lair (6/6) D:9
  Swamp (4/4) Lair:4        Snake (4/4) Lair:3        Slime (0/5) Lair:5
    Orc (2/2) D:10            Elf (3/3) Orc:2        Vaults (4/5) D:13
  Crypt (0/3) Vaults:2     Depths (0/5) D:15

Altars:
Ashenzari
Cheibriados
Elyvilon
Fedhas
Hepliaklqana
Kikubaaqudgha
Qazlal
Sif Muna
Trog
Uskayaw
Vehumet
Wu Jian
Xom
Yredelemnul
Beogh
Jiyva

Shops:
D:6 (   D:8 *   D:9 ?   D:10 [   Orc:1 *   Orc:2 [=(*   Elf:2 !   Snake:3 *
Vaults:2 (   Vaults:3 (

Annotations:
D:3 1 runed translucent door, nothank2's ghost, amateur FoFi
D:4 3 runed translucent doors, Ekaitz's ghost, amateur HOFE
Lair:5 exclusion: oklob plant
Elf:2 3 runed translucent doors


Innate Abilities, Weirdness & Mutations

You reflexively headbutt those who attack you in melee.
You have a pair of horns on your head.


Message History

You carve the deep elf blademaster like a ham!!!
You kill the deep elf blademaster!
Trog accepts your kill.
The deep elf master archer wields a +0 longbow.
The deep elf master archer shoots an arrow.
The arrow hits you!!
* * * LOW HITPOINT WARNING * * *
The deep elf high priest utters an invocation to its god.
The corpses begin to drag themselves along the ground!
Your cyclops hits the deep elf high priest! 2 crawling corpses come into view.
The deep elf master archer shoots an arrow.
The arrow hits you!
* * * LOW HITPOINT WARNING * * *
Your cyclops hits the deep elf high priest!!!
The deep elf high priest dies!
Trog accepts your kill.
The deep elf master archer shoots an arrow.
The arrow hits you!!
You die...

##.. #..l##
#.)e## #)(l##
##(ex#
##e#######
#..###...##
####e###.....#
+..C)).@.....#
+.xx)###.....#
###### ##....#
##....#
#.....#
#.....#
#.....#
#.....#
##....#


You could see a deep elf master archer, 2 crawling corpses and a friendly
cyclops (summoned, berserk).

Vanquished Creatures
  Saint Roka (Elf:3)
  2 deep elf blademasters (Elf:3)
  A lich (Vaults:3)
  A deep elf master archer (Elf:3)
  Frances (Swamp:1)
  3 sphinxes
  An azure jelly (Swamp:4)
  Kirke (Swamp:4)
  15 nagarajas
  A fenstrider witch (Swamp:3)
  A fire giant (Vaults:3)
  3 deep elf sorcerers
  Louise (Snake:4)
  A ghoul (Vaults:3)
  9 vault wardens
  An emperor scorpion (D:15)
  3 orc warlords
  11 ironheart preservers
  3 deep elf elementalists (Elf:3)
  10 very ugly things
  A war gargoyle (Vaults:3)
  6 stone giants
  A vampire knight (Vaults:3)
  3 deep elf demonologists
  5 deep elf annihilators
  An entropy weaver (Vaults:4)
  A purple draconian (Vaults:3)
  5 bunyips
  3 ettins (Vaults:3)
  A dire elephant (D:15)
  4 deep elf death magi
  3 eleionomae
  A deep elf high priest (Elf:3)
  3 yaktaur captains
  3 fire dragons (Vaults:3)
  A rakshasa (D:15)
  A great orb of eyes (Vaults:4)
  Josephine (Lair:5)
  4 ice dragons
  8 hydras
  19 anacondas
  12 vault guards
  10 boulder beetles
  14 naga warriors
  21 two-headed ogres
  5 centaur warriors
  A ghost crab (Swamp:3)
  5 death knights
  6 ogre magi
  7 alligators
  9 dancing weapons
  An orc high priest (Orc:2)
  A tengu warrior (D:15)
  12 naga sharpshooters
  Urug (D:11)
  9 shock serpents
  9 deep elf knights
  A storm dragon skeleton (Vaults:4)
  An iron troll (D:13)
  3 salamander mystics
  8 goliath frogs
  8 skeletal warriors
  11 deep elf archers
  3 glowing orange brains
  2 spriggan druids
  2 deep trolls
  A flayed ghost (Vaults:2)
  2 naga ritualists
  4 unseen horrors
  A glowing orange brain (shapeshifter) (Vaults:4)
  2 swamp dragons (Swamp:3)
  Pikel (D:4)
  2 wizards (Vaults:3)
  11 ironbrand convokers
  A tengu zombie (Vaults:3)
  4 bog bodies
  13 orc knights
  9 harpies
  3 necromancers
  37 deep elf magi
  3 phantasmal warriors (Vaults:3)
  A harpy (shapeshifter) (Elf:1)
  A wolf spider zombie (D:15)
  2 mana vipers
  45 ugly things
  3 wolf spiders
  An oklob plant (Swamp:3)
  6 cyclopes
  11 orc sorcerers
  7 will-o-the-wisps
  15 salamanders
  A manticore (D:11)
  Maurice (Orc:2)
  A sphinx skeleton (Vaults:4)
  12 guardian serpents
  2 guardian serpents (shapeshifter)
  2 centaur zombies
  26 black mambas
  23 naga magi
  9 elephants (Lair:6)
  A frost giant skeleton (Vaults:4)
  8 vault sentinels
  2 molten gargoyles (Lair:3)
  A stone giant skeleton (Vaults:4)
  A torpor snail (Lair:6)
  24 cane toads
  24 yaktaurs
  12 freezing wraiths
  A rime drake (shapeshifter) (D:13)
  16 komodo dragons
  2 rime drakes (Lair:5)
  3 tengu conjurers
  A polar bear (shapeshifter) (D:15)
  2 jumping spiders (Vaults:4)
  14 trolls
  22 slime creatures
  13 hornets
  2 jumping spiders (shapeshifter)
  2 raiju (shapeshifter)
  24 blink frogs
  19 tyrant leeches
  14 dream sheep (Lair:6)
  A dream sheep (shapeshifter) (Vaults:3)
  2 air elementals
  Sigmund (D:2)
  2 centaur simulacra (D:15)
  A redback (Vaults:4)
  A shadow (D:13)
  9 spriggans
  A water elemental (Elf:1)
  37 yaks
  A human (shapeshifter) (Vaults:1)
  8 wraiths
  A basilisk (Lair:6)
  2 fire elementals (Elf:2)
  A yak (shapeshifter) (Vaults:4)
  5 wyverns
  5 hogs (Swamp:4)
  A hog (shapeshifter) (Vaults:4)
  5 swamp worm simulacra (Swamp:4)
  A golden eye (shapeshifter) (Vaults:3)
  16 vampire mosquitoes
  Edmund (D:4)
  55 nagas
  A soldier ant (D:12)
  13 swamp worms
  13 water moccasins
  16 hydra simulacra (Swamp:4)
  A warg (Vaults:2)
  3 acid dragons
  4 sky beasts
  42 orc warriors
  3 swamp drakes
  14 ice beasts
  2 black bears
  2 necrophages
  26 ogres
  2 eyes of draining
  3 phantoms
  4 boggarts (Vaults:1)
  12 wolves
  10 centaurs
  4 big kobolds (D:10)
  29 bullfrogs
  A wyvern zombie (D:10)
  An earth elemental (Elf:2)
  5 gnoll sergeants
  An ogre simulacrum (Vaults:1)
  6 scorpions
  16 wights
  An electric eel (Lair:1)
  A howler monkey (D:6)
  5 lava snakes (Lair:3)
  A bullfrog zombie (D:12)
  6 jellies
  9 hounds
  11 human zombies
  11 orc priests
  Crazy Yiuf (D:3)
  25 orc wizards
  2 bullfrog skeletons
  7 centaur skeletons
  2 human skeletons
  9 iguanas
  11 worker ants
  2 mummies (D:13)
  A worker ant zombie (D:5)
  15 adders
  17 gnolls
  A howler monkey skeleton (D:8)
  2 shadow imps
  2 white imps
  An ufetubus (D:6)
  An ooze (D:1)
  3 swamp drake simulacra (Swamp:4)
  5 adder skeletons
  6 dart slugs
  7 leopard geckos
  89 orcs
  2 ball pythons
  4 giant cockroaches
  10 goblins
  10 hobgoblins
  7 jackals
  5 quokkas
  5 bats
  3 frilled lizards
  14 kobolds
  A quokka zombie (D:7)
  9 rats
  A butterfly (Lair:5)
1494 creatures vanquished.

Vanquished Creatures (collateral kills)
  A fire giant (D:15)
  A deep elf annihilator (Elf:3)
  An ettin (D:13)
  A deep elf high priest (Elf:3)
  A dancing weapon (Elf:3)
  A deep troll earth mage (D:15)
  Nergalle (D:10)
  An unseen horror (D:15)
  A naga ritualist (Snake:4)
  An orc knight (Orc:1)
  A hornet (Swamp:1)
  A snapping turtle (shapeshifter) (D:15)
  A spriggan (Swamp:1)
  2 nagas (Snake:4)
  An iguana (D:10)
16 creatures vanquished.

Vanquished Creatures (others)
  A deep elf demonologist (Elf:3)
  A spriggan druid (Swamp:4)
  2 deep elf magi
  A naga mage (Snake:4)
  3 bloated husks
  A hornet (Swamp:2)
  A swamp worm (Swamp:4)
  A warg (Vaults:4)
  A naga (Snake:2)
  2 orc priests
  An orc wizard (D:7)
  A worker ant (D:7)
  3 orcs
  38 foxfires
  41 fungi
  108 plants
206 creatures vanquished.

Grand Total: 1716 creatures vanquished

Notes
Turn   | Place    | Note
-------+----------+-------------------------------------------
     0 | D:1      | dtburroughs the Minotaur Berserker began the quest for the
                  | Orb.
     0 | D:1      | Reached XP level 1. HP: 19/19 MP: 0/0
   111 | D:1      | Reached XP level 2. HP: 27/27 MP: 1/1
   564 | D:2      | Noticed Sigmund
   583 | D:2      | Killed Sigmund
   583 | D:2      | Reached ** piety under Trog
   584 | D:2      | Reached XP level 3. HP: 8/35 MP: 2/2
   584 | D:2      | Reached XP level 4. HP: 10/41 MP: 3/3
   584 | D:2      | Reached XP level 5. HP: 11/47 MP: 4/4
  1169 | D:2      | Reached skill level 5 in Fighting
  1344 | D:2      | Reached skill level 5 in Axes
  1530 | D:2      | Found a shimmering blue altar of Sif Muna.
  1669 | D:3      | Found a runed translucent door.
  1671 | D:3      | Noticed nothank2's ghost (amateur FoFi)
  1732 | D:3      | Reached XP level 6. HP: 53/56 MP: 5/5
  2130 | D:3      | Found a runed translucent door.
  2131 | D:3      | Noticed Crazy Yiuf
  2530 | D:3      | Killed Crazy Yiuf
  2685 | D:4      | Noticed Edmund
  2712 | D:4      | Killed Edmund
  2713 | D:4      | Reached skill level 1 in Evocations
  2722 | D:4      | Reached skill level 5 in Armour
  2722 | D:4      | Reached XP level 7. HP: 44/62 MP: 6/6
  2897 | D:4      | Found a staircase to the Ecumenical Temple.
  2907 | D:4      | Noticed Pikel
  2925 | D:4      | Killed Pikel
  2926 | D:4      | Reached skill level 5 in Dodging
  2926 | D:4      | Reached XP level 8. HP: 54/71 MP: 7/7
  2944 | D:4      | Found a runed translucent gate.
  2945 | D:4      | Found a runed translucent gate.
  2945 | D:4      | Noticed Ekaitz's ghost (amateur HOFE)
  2953 | D:4      | Found a runed translucent gate.
  2980 | D:4      | Found a white marble altar of Elyvilon.
  2997 | D:4      | Found a radiant altar of Vehumet.
  2997 | D:4      | Found a hazy altar of Hepliaklqana.
  2997 | D:4      | Found a stormy altar of Qazlal.
  2998 | D:4      | Found a blossoming altar of Fedhas.
  2999 | D:4      | Found a basalt altar of Yredelemnul.
  3007 | D:4      | Found an ornate altar of the Wu Jian Council.
  3074 | D:4      | Found a basalt altar of Yredelemnul.
  3237 | D:4      | Reached skill level 1 in Shields
  3494 | D:5      | Entered Level 5 of the Dungeon
  3535 | D:5      | Reached *** piety under Trog
  3841 | D:5      | Reached XP level 9. HP: 79/79 MP: 8/8
  4248 | D:6      | Reached **** piety under Trog
  4257 | D:6      | Found a snail-covered altar of Cheibriados.
  4322 | D:6      | Found Faskes's Weapon Boutique.
  4380 | D:6      | Found a hide-covered altar of Uskayaw.
  5407 | D:7      | Found a shimmering altar of Xom.
  5639 | D:7      | Reached skill level 5 in Shields
  5789 | D:7      | Reached XP level 10. HP: 90/90 MP: 9/9
  6802 | D:8      | Reached skill level 5 in Evocations
  6905 | D:8      | Found a broken altar of Ashenzari.
  6912 | D:8      | Found an ancient bone altar of Kikubaaqudgha.
  7064 | D:8      | Found Daephola's General Store.
  7073 | D:8      | Bought a scroll of blinking for 97 gold pieces
  7319 | D:9      | Found a staircase to the Lair.
  7522 | D:9      | Reached ***** piety under Trog
  7646 | D:9      | Noticed a two-headed ogre
  7659 | D:9      | Killed a two-headed ogre
  7741 | D:9      | Found Histruxa's Magic Scroll Emporium.
  7750 | D:9      | Bought a scroll of teleportation for 42 gold pieces
  7750 | D:9      | Bought a scroll of teleportation for 42 gold pieces
  7750 | D:9      | Bought a scroll of fear for 49 gold pieces
  7757 | D:9      | Noticed a two-headed ogre
  7768 | D:9      | Killed a two-headed ogre
  7828 | D:9      | Reached XP level 11. HP: 97/97 MP: 10/10
  8184 | D:10     | Entered Level 10 of the Dungeon
  8253 | D:10     | Found Pilapiops's Armour Shoppe.
  8395 | D:10     | Noticed Nergalle
  8408 | D:10     | Killed Nergalle
  8650 | D:10     | Killed an unseen horror
  8849 | D:10     | Reached skill level 10 in Fighting
  9111 | D:10     | Found a staircase to the Orcish Mines.
  9139 | D:10     | Reached skill level 10 in Axes
  9280 | D:10     | Received a gift from Trog
  9281 | D:10     | Found the +8 mithril axe "Arga" {speed, Will+}
  9538 | D:11     | Noticed a boulder beetle
  9548 | D:11     | Killed a boulder beetle
  9549 | D:11     | Reached skill level 10 in Armour
  9654 | D:11     | Killed an unseen horror
  9697 | D:11     | Noticed a two-headed ogre
  9705 | D:11     | Killed a two-headed ogre
  9934 | D:11     | Killed an unseen horror
  9935 | D:11     | Reached XP level 12. HP: 98/108 MP: 11/11
 10410 | D:11     | Noticed Urug
 10435 | D:11     | Killed Urug
 10697 | Lair:1   | Entered Level 1 of the Lair of Beasts
 11348 | Lair:1   | Got an ancient whip
 11903 | Lair:1   | Identified the +2 whip of the Establishment {drain, +Fly
                  | Will+} (You found it on level 1 of the Lair of Beasts)
 12300 | Lair:2   | Found a gate leading to a gauntlet.
 12591 | Lair:2   | Reached skill level 10 in Dodging
 12982 | Lair:3   | Found a staircase to the Snake Pit.
 12983 | Lair:3   | Noticed an eight-headed hydra
 12997 | Lair:3   | Killed an eight-headed hydra
 13353 | Lair:3   | Noticed a boulder beetle
 13404 | Lair:3   | Killed a boulder beetle
 13775 | Lair:3   | Received a gift from Trog
 13973 | Lair:3   | Reached XP level 13. HP: 116/116 MP: 12/12
 14025 | Lair:3   | Reached skill level 10 in Shields
 14487 | Lair:4   | Found a staircase to the Swamp.
 15389 | Lair:5   | Found a viscous altar of Jiyva.
 15390 | Lair:5   | Found a staircase to the Slime Pits.
 15410 | Lair:5   | Found a frozen archway.
 15436 | Lair:5   | Noticed Josephine
 15445 | Lair:5   | Killed Josephine
 16109 | Lair:5   | Found a broken altar of Ashenzari.
 16491 | Lair:6   | Entered Level 6 of the Lair of Beasts
 17597 | Lair:6   | Reached XP level 14. HP: 72/127 MP: 13/13
 18309 | Lair:6   | Received a gift from Trog
 18353 | Lair:6   | Got a pitted broad axe {god gift}
 18354 | Lair:6   | Identified the +1 broad axe of the Snake Pit {vorpal,
                  | +Blink} (Trog gifted it to you on level 6 of the Lair of
                  | Beasts)
 19270 | Lair:6   | Got a scintillating pewter amulet
 19470 | Lair:1   | Identified the amulet "Awitihuesa" {rElec rN++ Will+ Regen+
                  | Str+2} (You found it on level 6 of the Lair of Beasts)
 19480 | Lair:1   | Identified 2 scrolls of acquirement
 19489 | Lair:1   | Acquired the ring of Eternal Harmony {rPois rF+}
 19504 | Lair:1   | Acquired 1383 gold pieces
 20674 | D:13     | Found a basalt altar of Yredelemnul.
 20750 | D:13     | Received a gift from Trog
 21415 | D:13     | Found a gate to the Vaults.
 21726 | D:14     | Reached skill level 10 in Evocations
 21798 | D:14     | Found the +10 dark maul {vorpal}
 22034 | D:14     | Reached XP level 15. HP: 110/136 MP: 14/14
 22422 | D:15     | Entered Level 15 of the Dungeon
 22762 | D:15     | Found a staircase to the Depths.
 23224 | D:15     | Found a runed translucent door.
 23362 | D:15     | Noticed a sphinx
 23378 | D:15     | Killed a sphinx
 23393 | D:15     | Noticed a fire giant
 23396 | D:15     | Killed a fire giant
 23749 | Orc:1    | Entered Level 1 of the Orcish Mines
 23855 | Orc:1    | Found a bloodstained altar of Trog.
 24132 | Orc:1    | Found Pusaenoc's Assorted Antiques.
 24143 | Orc:1    | Bought a scroll of teleportation for 72 gold pieces
 24143 | Orc:1    | Bought a scroll of teleportation for 72 gold pieces
 24143 | Orc:1    | Bought a potion of curing for 72 gold pieces
 24241 | Orc:2    | Entered Level 2 of the Orcish Mines
 24241 | Orc:2    | Found a roughly hewn altar of Beogh.
 24326 | Orc:2    | Found Ofehyc's Antique Weapon Boutique.
 24326 | Orc:2    | Noticed an orc warlord
 24634 | Orc:1    | Received a gift from Trog
 24638 | Orc:1    | Killed an orc warlord
 24936 | Orc:2    | Found Watuen's General Store.
 25051 | Orc:2    | Noticed Maurice
 25270 | Orc:2    | Killed Maurice
 25309 | Orc:2    | Found Xyotanli's Antique Armour Shoppe.
 25454 | Orc:2    | Found a staircase to the Elven Halls.
 25457 | Orc:2    | Found Vuce Ube's Jewellery Emporium.
 25946 | Swamp:1  | Entered Level 1 of the Swamp
 26322 | Swamp:1  | HP: 6/138 [eleionoma (10)]
 27489 | Swamp:1  | Noticed Frances
 27497 | Swamp:1  | Killed Frances
 27498 | Swamp:1  | Reached XP level 16. HP: 147/147 MP: 15/15
 28885 | Orc:2    | Bought an uncursed ring of see invisible for 240 gold
                  | pieces
 29144 | Swamp:3  | Received a gift from Trog
 29437 | Swamp:3  | Got a translucent iron ring
 29476 | Swamp:3  | Identified the ring of the Pariah {rPois Int+3} (You found
                  | it on level 3 of the Swamp)
 30238 | Swamp:4  | Entered Level 4 of the Swamp
 30862 | Swamp:4  | Reached skill level 15 in Fighting
 30903 | Swamp:4  | Reached skill level 15 in Axes
 30930 | Swamp:4  | Noticed Kirke
 30951 | Swamp:4  | Noticed a sphinx
 30951 | Swamp:4  | Killed Kirke
 31251 | Swamp:4  | Received a gift from Trog
 31481 | Swamp:4  | Got a pair of smoking gloves
 31760 | Swamp:4  | Reached skill level 15 in Armour
 31824 | Swamp:4  | Got a decaying rune of Zot
 32091 | Lair:1   | Identified the cursed +0 pair of gloves of Free Will
                  | {Str+5} (You found it on level 4 of the Swamp)
 32164 | Snake:1  | Entered Level 1 of the Snake Pit
 33681 | Snake:2  | Reached XP level 17. HP: 137/156 MP: 16/16
 34952 | Snake:3  | Got a warped buckler
 34963 | Snake:3  | Identified the +0 buckler "Foeskariug" {Regen+ Str+2} (You
                  | found it on level 3 of the Snake Pit)
 35644 | Snake:3  | Found Pyatwebb's General Store.
 35652 | Snake:3  | Bought a scroll of teleportation for 45 gold pieces
 35652 | Snake:3  | Bought a scroll of fog for 30 gold pieces
 35774 | Snake:3  | Received a gift from Trog
 35902 | Snake:4  | Entered Level 4 of the Snake Pit
 36641 | Snake:4  | Reached skill level 15 in Shields
 36784 | Snake:4  | Noticed Louise
 36790 | Snake:4  | Killed Louise
 37124 | Snake:4  | Received a gift from Trog
 38091 | Snake:4  | Reached skill level 15 in Dodging
 38114 | Snake:4  | Reached XP level 18. HP: 76/166 MP: 17/17
 39342 | Snake:4  | Got a serpentine rune of Zot
 39627 | Vaults:1 | Entered Level 1 of the Vaults
 39772 | Vaults:1 | Received a gift from Trog
 41082 | Vaults:1 | You fall into a shaft and drop 1 floor!
 41091 | Vaults:2 | Received a gift from Trog
 41314 | Vaults:2 | Reached ****** piety under Trog
 41409 | Vaults:2 | Found a staircase to the Crypt.
 41467 | Vaults:2 | Reached XP level 19. HP: 177/177 MP: 18/18
 41713 | Vaults:2 | Found Cyafitog's Antique Weapon Boutique.
 43684 | Vaults:3 | Found Cajiamoc's Antique Weapon Shop.
 43714 | Vaults:3 | Bought a faintly glowing broad axe for 279 gold pieces
 43714 | Vaults:3 | Identified the +8 broad axe "Adusutra" {elec, rN+ Dex+3}
                  | (You bought it in a shop on level 3 of the Vaults)
 43810 | Vaults:3 | Received a gift from Trog
 43830 | Vaults:3 | Got a fine war axe {god gift}
 43831 | Vaults:3 | Identified the +5 war axe of the Establishment {vorpal,
                  | Int+3} (Trog gifted it to you on level 3 of the Vaults)
 43875 | Vaults:3 | Found a bloodstained altar of Trog.
 44960 | Vaults:3 | Received a gift from Trog
 45253 | Vaults:3 | Acquired the ring "Yrroug" {rN++ Will+ Str+5}
 45452 | Vaults:3 | Reached XP level 20. HP: 187/187 MP: 19/19
 45574 | Vaults:3 | Received a gift from Trog
 45797 | Vaults:3 | Identified the +2 buckler of Ghostly Wonder {rF+ Int+2}
                  | (You found it on level 3 of the Vaults)
 45902 | Vaults:3 | Got a bloodstained hand axe
 45903 | Vaults:3 | Identified the +10 hand axe "Qaemo" {vorpal, +Inv rC+ SInv}
                  | (You found it on level 3 of the Vaults)
 47890 | Vaults:4 | Received a gift from Trog
 47896 | Vaults:4 | Got a jewelled broad axe {god gift}
 47897 | Vaults:4 | Identified the +3 broad axe "Tuluohad" {vorpal, +Inv rF+
                  | Str+3 Int-2} (Trog gifted it to you on level 4 of the
                  | Vaults)
 48817 | Elf:1    | Entered Level 1 of the Elven Halls
 49118 | Elf:1    | Received a gift from Trog
 49803 | Elf:2    | Found Erieng's Distillery.
 49810 | Elf:2    | Bought a potion of heal wounds for 95 gold pieces
 49810 | Elf:2    | Bought a potion of resistance for 190 gold pieces
 49810 | Elf:2    | Bought a potion of curing for 57 gold pieces
 49810 | Elf:2    | Bought a potion of lignification for 57 gold pieces
 49810 | Elf:2    | Bought 2 potions of cancellation for 304 gold pieces
 49827 | Elf:2    | Reached XP level 21. HP: 195/195 MP: 20/20
 49935 | Elf:2    | Found a runed translucent gate.
 49935 | Elf:2    | Found a runed translucent gate.
 49936 | Elf:2    | Found a runed translucent gate.
 50270 | Elf:3    | Entered Level 3 of the Elven Halls
 50316 | Elf:3    | Noticed Saint Roka
 50464 | Elf:3    | Killed Saint Roka
 50667 | Elf:3    | Received a gift from Trog
 50732 | Elf:3    | Shot with an arrow by a deep elf master archer

Illustrated notes

Levels and vault maps discovered:
D:1:      onia_arrival_pyramid, layout_rooms
D:2:      layout_basic, led_sif_pool, uniq_sigmund
D:3:      layout_loops_ring, ebering_ghost_sewer_d, kennysheep_generic_room_8,
          uniq_crazy_yiuf_cottage
D:4:      layout_cave_pools, minitemple, minmay_temple_entry_junction,
          gammafunk_ghost_nasty_kobolds, minmay_ruined_shrine, uniq_pikel,
          uniq_edmund
D:5:      corexii_shack_village, layout_basic
D:6:      layout_basic, cheibriados_altar_1, lemuel_doored_altar, serial_shops,
          shop, minmay_fractal_squares_5
D:7:      layout_basic, xom_confusion_cloud
D:8:      layout_cave_pods, amethyst_overflow_temple_binary, serial_shops,
          nicolae_shop_trees
D:9:      layout_roguey, lair_entry_dummy, serial_shops, shop_statue
D:10:     layout_loops_ring, kennysheep_orc_monster_closet_entryway,
          serial_shops, nicolae_shop_crystal, minmay_fractal_squares_gapless_5,
          uniq_nergalle
D:11:     layout_stronghold, minmay_starry_boxes, uniq_urug
D:12:     layout_loops_ring
D:13:     layout_irregular_city, david_vaults_4, serial_park_tiny_1,
          lemuel_mausoleum_altar_yredelemnul
D:14:     layout_long_grid, hangedman_abyss_or_decor_stagger, minivault_23
D:15:     hangedman_depths_entry_try_elsewhere_first, layout_basic, minivault_13
Lair:1:   layout_cave_pods, serial_bayou_shore_a, lemuel_fruit_fields
Lair:2:   layout_concentric_octagons, gauntlet_entry_generic,
          cheibrodos_lair_caveside_slide, serial_bayou_shore_b
Lair:3:   cheibrodos_magma_flow, layout_gridlike, guppyfry_snake_entry_island,
          serial_bayou_pond_c, serial_bayou_crossing
Lair:4:   layout_long_grid, skrybe_swamp_entry_bodies,
          chequers_serial_rivers_small_a, grunt_megastairs_1,
          lemuel_fruit_fields, serial_bayou_shore_b
Lair:5:   layout_gridlike, slime_altar_1, basic_altar,
          portal_ice_cave_entry_ice_beasts, grunt_megastairs_4,
          infiniplex_staircase_pool, lemuel_fruit_fields,
          minmay_lair_oklob_chamber, uniq_josephine
Lair:6:   minmay_lair_end_frog_pond, layout_cellular_growth
Swamp:1:  layout_falls_marsh, evilmike_swamp_ruin_house_6, uniq_frances
Swamp:2:  layout_falls_marsh, hangedman_swamp_cone
Swamp:3:  layout_basic_swamp, nicolae_swamp_trees_clearing, swamp_pool1,
          nicolae_swamp_oklob_treasure_island
Swamp:4:  swamp_icy, layout_basic_swamp, uniq_kirke
Snake:1:  layout_layer_cave
Snake:2:  layout_chambers
Snake:3:  layout_gridlike, serial_shops, shop, st_stairs_9
Snake:4:  grunt_snake_rune_serpentine_throne, layout_cave_town, uniq_louise
Orc:1:    layout_caves, serial_shops, nicolae_shop_overgrown_old_shop,
          trog_butcher_becter
Orc:2:    grunt_orc_gardens, layout_diamond_mine, grunt_orc_garden,
          grunt_orc_garden, grunt_orc_garden, grunt_orc_garden, basic_altar,
          uniq_maurice
Elf:1:    layout_rooms, minmay_elf_annihilation, grunt_megastairs_3
Elf:2:    layout_geoelf_grid, serial_shops, shop, grunt_ministairs_3
Elf:3:    grunt_elf_hall_asides, layout_gridlike,
          gammafunk_ghost_wrathful_warriors, uniq_saint_roka
Vaults:1: vaults_room_pools, nicolae_vaults_angled_halls,
          nicolae_vaults_network_quinsquares
          [nicolae_vaults_network_quincunx_subvault,
          nicolae_vaults_network_quincunx_subvault,
          nicolae_vaults_network_quincunx_subvault,
          nicolae_vaults_network_quincunx_subvault], nicolae_vaults_what_the_h,
          vaults_room_hallway, nicolae_vaults_little_squares_2, v_misc_15,
          nicolae_vaults_twisting_passages, grunt_vaults_hallway_long,
          v_rooms_5, v_misc_2, grunt_vaults_swirl, v_misc_19,
          nicolae_vaults_rhombus_7, nicolae_vaults_little_ls,
          layout_vaults_omnibox
Vaults:2: v_pattern_2, v_misc_12, v_misc_1, blue_anna_dwarven_crypt,
          nicolae_vaults_little_squares_4, nicolae_vaults_yaktaur_gun_rack,
          ontoclasm_vaults_gateway, vaults_room_hangedman_quadrants,
          layout_vaults_omnicross, serial_shops, shop
Vaults:3: st_greater_box_4, hangedman_vaults_nails, v_misc_14,
          vaults_room_hallway, nicolae_vaults_big_ls, vaults_standard_mumra_x,
          ontoclasm_vaults_loading_screen, ontoclasm_vaults_decontamination,
          grunt_vaults_hallway_short, layout_vaults_chaotic_city, basic_altar,
          serial_shops, nicolae_shop_waterfront
Vaults:4: ontoclasm_vaults_twist, v_rooms_4, hangedman_vaults_capsules,
          v_rooms_2, grunt_vaults_twisty, hangedman_vaults_nails,
          ontoclasm_vaults_idyll, v_alt_pattern_2, ontoclasm_vaults_shuriken,
          vaults_room_pool, vaults_room_hallway, grunt_vaults_hallway_short,
          layout_vaults_maze_snakey

Skill      XL: |  1  2  3  4  5  6  7  8  9 10 11 12 13 14 15 16 17 18 19 20 21 |
---------------+----------------------------------------------------------------+-----
Fighting       | 4 5 6 7 8 9 10 11 12 13 14 15 16 17 18 | 18.8
Axes           | 4 5 6 7 8 9 10 11 12 13 14 15 16 17 18 | 18.8
Armour         | 4 5 6 8 9 10 11 12 13 14 15 16 17 18 | 18.7
Dodging        | 3 4 5 6 7 8 9 10 11 12 13 14 15 16 17 | 17.4
Evocations     | 1 2 3 4 5 7 8 9 10 11 12 13 14 | 14.7
Shields        | 2 5 6 8 9 11 12 13 14 15 16 17 18 | 18.2

Action                   |  1- 3 |  4- 6 |  7- 9 | 10-12 | 13-15 | 16-18 | 19-21 || total
-------------------------+-------+-------+-------+-------+-------+-------+-------++-------
Melee: Hand axe          |    33 |    89 |       |       |       |       |    65 ||   187
       Headbutt          |     5 |    24 |    42 |   141 |   312 |   407 |   403 ||  1334
       War axe           |       |    32 |   324 |   398 |       |       |       ||   754
       Broad axe         |       |       |       |   289 |  1314 |  1499 |  1158 ||  4260
       Morningstar       |       |       |       |     5 |    40 |    11 |       ||    56
Invok: Berserk           |     1 |       |       |     1 |       |       |     1 ||     3
       Trog's Hand       |       |     2 |     6 |    11 |    14 |    12 |     8 ||    53
       Brothers in Arms  |       |       |       |     1 |     6 |     1 |     1 ||     9
 Abil: Evoke Flight      |       |       |       |       |       |     1 |       ||     1
Evoke: Wand              |       |       |       |       |    13 |     7 |     4 ||    24
  Use: Scroll            |       |       |       |    16 |    23 |    10 |     7 ||    56
       Potion            |       |       |       |       |     6 |     2 |     2 ||    10
 Stab: Paralysed         |       |       |       |       |     3 |       |       ||     3
Armor: Animal skin       |     9 |       |       |       |       |       |       ||     9
       Plate armour      |       |    45 |   187 |   316 |   460 |   592 |   373 ||  1973
Dodge: Dodged            |    31 |    60 |   180 |   362 |   425 |   578 |   443 ||  2079
Block: Buckler           |       |       |    56 |   108 |    48 |   483 |   430 ||  1125
       Kite shield       |       |       |       |   156 |   615 |       |       ||   771
       Reflection        |       |       |       |       |       |       |    17 ||    17
